AoeStats
← Dani120588

Black Forest

509681267Analyzed
4v4 RM · 4d ago on Sep 27, 2026· 71m 27s· 8 players
Game mode
Random Map
Map size
Large (8 player)
Population
200
Speed
Normal
Resources
Standard
Victory
Conquest
Starting age
Dark Age
Ending age
Imperial Age
RankedLock teamsTeams togetherTeam positionsShared explorationLock speedFull tech treeHidden civsTurbo modeCheats
Victory
Defeat
🇬🇧 Ethiopians · United Kingdom
757
+15
🇹🇼 Britons · Taiwan
755
+15
🇨🇷 Romans · Costa Rica
724
+17
🇬🇧 Persians · United Kingdom
724
+17
🇫🇮 Teutons · Finland
780
-18
🇫🇮 Danes · Finland
748
-16
🇫🇮 Jurchens · Finland
729
-16
🇫🇮 Britons · Finland
694
-14
BOOSON 8
16:07 Loom
18:21 Feudal Age
16:38 Loom
22:04 Double-Bit Axe
22:02 Horse Collar
24:06 Gold Mining
24:47 Stone Mining
28:45 Castle Age
27:54 Wheelbarrow
30:49 Caravan
31:20 Coinage
32:45 Pikeman
33:11 Gambesons
33:26 Squires
33:12 Arson
35:59 Hand Cart
36:14 Heavy Plow
39:09 Imperial Age
37:29 Gold Shaft Mining
37:58 Bow Saw
38:58 Stone Shaft Mining
39:36 Forging
39:31 Scale Barding Armor
39:16 Fletching
39:27 Padded Archer Armor
39:27 Scale Mail Armor
41:29 Banking
41:10 Guilds
40:33 Elite War Elephant
41:36 Conscription
41:23 Halberdier
42:04 Squires
43:18 Iron Casting
42:39 Bodkin Arrow
46:59 Chemistry
49:22 Blast Furnace
48:42 Chain Barding Armor
48:38 Leather Archer Armor
48:39 Chain Mail Armor
50:48 Two-Man Saw
50:20 Crop Rotation
52:37 Ballistics
52:08 Heated Shot
52:30 Masonry
52:18 Murder Holes
54:17 Ring Archer Armor
54:18 Plate Mail Armor
54:24 Plate Barding Armor
59:21 Kamandaran
59:57 Hoardings
58:53 Sappers
59:34 Citadels
69:18 Town Watch
69:55 Town Patrol
71:26 Spies/Treason
Dani120588
1:56 Loom
15:29 Feudal Age
19:20 Wheelbarrow
18:33 Double-Bit Axe
18:41 Gold Mining
18:43 Stone Mining
18:35 Horse Collar
18:44 Man-at-Arms
19:59 Forging
19:49 Scale Mail Armor
19:55 Scale Barding Armor
19:40 Fletching
20:01 Padded Archer Armor
19:57 Town Watch
22:35 Castle Age
21:01 Bloodlines
23:57 Husbandry
24:21 Chain Barding Armor
24:17 Chain Mail Armor
24:38 Iron Casting
23:28 Long Swordsman
26:26 Bow Saw
34:10 Imperial Age
33:28 Pikeman
37:15 Plate Barding Armor
37:41 Blast Furnace
36:37 Bodkin Arrow
37:53 Squires
37:35 Heavy Scorpion
39:18 Chemistry
38:22 Onager
41:27 Leather Archer Armor
42:15 Hand Cart
43:09 Ballistas
43:28 Conscription
43:28 Halberdier
45:28 Murder Holes
45:54 Ballistics
45:40 Siege Engineers
53:36 Comitatenses
56:09 Elite Skirmisher
61:56 Cavalier
61:59 Light Cavalry
65:56 Ring Archer Armor
71:42 Masonry
Monkey
0:35 Loom
13:31 Feudal Age
14:22 Double-Bit Axe
15:58 Horse Collar
24:52 Castle Age
23:25 Gold Mining
24:42 Fletching
24:53 Padded Archer Armor
24:58 Stone Mining
26:25 Bow Saw
25:55 Crossbowman
27:30 Heavy Plow
28:45 Stone Shaft Mining
28:59 Thumb Ring
28:15 Elite Skirmisher
40:19 Imperial Age
44:57 Two-Man Saw
47:35 Bodkin Arrow
47:45 Scale Mail Armor
54:40 Fortified Wall
56:39 Ballistics
58:58 Chemistry
62:54 Arbalester
67:48 Leather Archer Armor
67:38 Bracer
69:10 Ring Archer Armor
70:30 Chain Mail Armor
70:25 Forging
71:07 Elite Shotel Warrior
NDS
2:15 Loom
13:06 Feudal Age
22:56 Castle Age
21:40 Double-Bit Axe
22:37 Gold Mining
22:47 Stone Mining
25:19 Horse Collar
31:05 Heavy Plow
36:07 Imperial Age
34:13 Wheelbarrow
33:24 Town Watch
35:18 Hand Cart
35:05 Town Patrol
35:28 Bow Saw
35:40 Pikeman
36:21 Squires
36:16 Fletching
36:38 Forging
37:52 Conscription
37:52 Caravan
39:34 Hoardings
39:00 Warwolf
39:22 Yeomen
40:32 Two-Man Saw
40:53 Bodkin Arrow
40:58 Padded Archer Armor
41:34 Iron Casting
41:00 Scale Mail Armor
40:25 Elite Longbowman
42:04 Fervor
41:52 Murder Holes
42:19 Ballistics
41:45 Arrowslits
42:12 Masonry
42:08 Siege Engineers
43:24 Bracer
43:40 Leather Archer Armor
45:25 Chemistry
44:37 Fortified Wall
46:42 Onager
47:31 Halberdier
47:57 Arson
70:46 Spies/Treason
Eemi8
11:06 Feudal Age
11:32 Double-Bit Axe
12:37 Horse Collar
18:16 Castle Age
16:59 Gold Mining
20:09 Bow Saw
19:49 Arson
20:04 Squires
23:32 Wheelbarrow
29:26 Imperial Age
27:29 Heavy Plow
28:09 Scale Mail Armor
32:04 Conscription
32:07 Fletching
32:30 Forging
32:38 Chain Mail Armor
32:30 Elite Jomsviking
34:53 Murder Holes
34:36 Elite Skirmisher
36:08 Padded Archer Armor
38:38 Thumb Ring
38:13 Hamask
41:41 Plate Mail Armor
41:47 Iron Casting
48:52 Onager
51:58 Siege Onager
52:18 Northmen's Fury
54:14 Chemistry
53:35 Ballistics
53:59 Bodkin Arrow
Nahkakikkeli
1:32 Loom
13:17 Feudal Age
22:35 Castle Age
24:47 Double-Bit Axe
24:49 Horse Collar
27:25 Bow Saw
30:58 Town Watch
31:33 Fortified Bastions
33:18 Elite Skirmisher
37:50 Ballistics
40:28 Imperial Age
40:32 Forging
40:22 Scale Mail Armor
42:22 Chemistry
42:21 Scale Barding Armor
42:08 Fletching
42:19 Padded Archer Armor
42:56 Iron Casting
43:37 Chain Barding Armor
44:09 Conscription
44:27 Leather Archer Armor
44:08 Bodkin Arrow
46:37 Squires
45:58 Pikeman
46:24 Gambesons
46:03 Elite Fire Lancer
51:04 Bracer
51:34 Ring Archer Armor
52:11 Blast Furnace
51:26 Chain Mail Armor
Juha Wrekter
10:01 Feudal Age
12:03 Double-Bit Axe
14:29 Horse Collar
20:24 Castle Age
19:21 Stone Mining
21:28 Bow Saw
21:22 Heavy Plow
28:02 Gold Mining
29:09 Fletching
29:19 Padded Archer Armor
29:43 Ballistics
30:48 Gold Shaft Mining
31:45 Squires
34:53 Imperial Age
33:09 Treadmill Crane
34:12 Wheelbarrow
33:44 Caravan
33:59 Pikeman
35:08 Elite Longbowman
35:38 Capped Ram
36:40 Bodkin Arrow
37:01 Leather Archer Armor
38:03 Chemistry
38:53 Conscription
39:28 Halberdier
40:41 Bracer
41:53 Ring Archer Armor
41:34 Forging
41:25 Scale Mail Armor
45:52 Yeomen
48:02 Warwolf
49:52 Two-Man Saw
Pingu
0:27 Loom
13:01 Feudal Age
13:40 Double-Bit Axe
13:37 Horse Collar
21:55 Castle Age
20:50 Stone Mining
22:06 Scale Barding Armor
23:18 Bow Saw
24:57 Wheelbarrow
24:35 Gold Mining
27:05 Bloodlines
28:11 Forging
29:42 Chain Barding Armor
30:48 Iron Casting
39:13 Imperial Age
37:18 Heavy Plow
39:15 Cavalier
39:57 Onager
44:54 Plate Barding Armor
49:25 Caravan
55:22 Two-Man Saw
56:01 Blast Furnace
Connection lost

Rejoining the realm…

Still unreachable

The connection could not be restored.

Session expired

The server has moved on; the page needs a fresh start.